 Dungeon Crawl Stone Soup version 0.31.0-10-gcf4a605ca0 (webtiles) character file.

Game seed: 1437262897530614494

51512 Arcadio the Grappler (level 14, -11/146 HPs)
             Began as a Troll Shapeshifter on Jan 25, 2024.
             Was the Champion of Lugonu.
             Mangled by a deep troll (19 damage)
             ... on level 11 of the Dungeon.
             The game lasted 00:36:21 (15619 turns).

Arcadio the Grappler (Troll Shapeshifter)          Turns: 15619, Time: 00:36:22

Health: -11/146    AC:  7    Str: 29    XL:     14   Next: 23%
Magic:  17/17      EV: 17    Int:  6    God:    Lugonu [******]
Gold:   1726       SH:  0    Dex:  9    Spells: 13/13 levels left

rFire   . .          .
                       - Unarmed
rCold   . . .        (no shield)
rNeg    . . .        R - +2 troll leather armour
rPois   .            (helmet currently unavailable)
rElec   .            (cloak currently unavailable)
rCorr   .            (gloves unavailable)
SInv    .            (boots unavailable)
Will    +....        (no amulet)
Stlth   +            W - +5 ring of evasion
HPRegen 2.04/turn    q - +4 ring of slaying
MPRegen 0.15/turn

%: no passive effects
@: mighty, beast-form, studying Armour
A: beast (slay +4), large, unfitting armour, claws 3, regeneration 1, shaggy fur
1, tough skin 1
a: Begin Untransformation, Renounce Religion, Depart the Abyss, Banish, Corrupt,
Enter the Abyss, Brand Weapon With Distortion


You were on level 11 of the Dungeon.
You worshipped Lugonu.
Lugonu was exalted by your worship.
You were a hulking beast.
You visited 4 branches of the dungeon, and saw 20 of its levels.
You also visited: Ossuary.

You collected 1726 gold pieces.

Inventory:

Missiles
 O - a throwing net (quivered)
Armour
 D - a +0 cloak
 J - a +2 robe of willpower
 L - a +2 robe of cold resistance
 M - a +0 pair of gloves
 R - a +2 troll leather armour (worn)
 S - a +1 robe of positive energy
Jewellery
 e - a ring of see invisible
 i - a ring of positive energy
 q - a +4 ring of slaying (right claw)
 s - a +6 ring of strength
 F - a ring of ice
 P - a ring of fire
 V - a ring of magical power
 W - a +5 ring of evasion (left claw)
Talismans
 a - a blade talisman
 c - a beast talisman
 d - a flux talisman
 U - a maw talisman
Wands
 o - a wand of flame (97)
 v - a wand of mindburst (16)
 y - a wand of iceblast (15)
 I - a wand of paralysis (5)
Scrolls
 f - 5 scrolls of teleportation
 g - 5 scrolls of poison
 h - 2 scrolls of fear
 r - 4 scrolls of identify
 u - 2 scrolls of brand weapon
 A - a scroll of fog {unknown}
 B - 2 scrolls of enchant armour
 G - a scroll of immolation {unknown}
 H - 2 scrolls of torment
 K - 3 scrolls of blinking {unknown}
 N - 3 scrolls of revelation
 Q - a scroll of silence {unknown}
 T - a scroll of enchant weapon {unknown}
Potions
 b - 2 potions of lignification
 j - 2 potions of enlightenment
 k - 4 potions of berserk rage
 l - 7 potions of curing
 m - a potion of magic
 n - a potion of cancellation {unknown}
 p - a potion of ambrosia {unknown}
 t - a potion of invisibility {unknown}
 w - 3 potions of mutation
 x - a potion of might
 z - 2 potions of haste {unknown}
 C - 2 potions of resistance
 E - 4 potions of attraction
 X - a potion of brilliance {unknown}


   Skills:
 + Level 11.6 Fighting
 + Level 6.8 Armour
 - Level 10.5 Dodging
 + Level 13.8 Unarmed Combat
 + Level 6.3 Invocations
 + Level 7.1 Shapeshifting


You had 13 spell levels left.
You didn't know any spells.
Your spell library contained the following spells:

 Spells                   Type           Power      Damage    Failure   Level
 Kiss of Death            Conj/Necr      0%         2d5       50%         1
 Slow                     Hex            0%         N/A       50%         1
 Cigotuvi's Dreadful Rot  Necr/Alch/Air  0%         N/A       63%         2
 Lesser Beckoning         Tloc           0%         N/A       63%         2
 Scorch                   Fire           0%         2d5       63%         2
 Confusing Touch          Hex            0%         N/A       86%         3
 Gell's Gravitas          Tloc           0%         N/A       86%         3
 Ozocubu's Armour         Ice            0%         N/A       86%         3
 Sigil of Binding         Hex            0%         N/A       86%         3
 Teleport Other           Tloc           0%         N/A       86%         3
 Tukima's Dance           Hex            0%         N/A       86%         3
 Vampiric Draining        Necr           0%         2d6       86%         3
 Dimensional Bullseye     Hex/Tloc       0%         N/A       99%         4
 Dispel Undead            Necr           0%         3d6       99%         4
 Flame Wave               Conj/Fire      0%         2d4       99%         4
 Ignite Poison            Fire/Alch      0%         N/A       99%         4
 Iskenderun's Mystic Bla  Conj/Tloc      0%         2d3       99%         4
 Freezing Cloud           Conj/Ice/Air   0%         6-21      100%        5
 Metabolic Englaciation   Hex/Ice        0%         N/A       100%        5
 Conjure Ball Lightning   Conj/Air       0%         3x3d6     100%        6
 Dispersal                Tloc           0%         N/A       100%        6
 Sculpt Simulacrum        Ice/Alch       0%         N/A       100%        6
 Summon Cactus Giant      Summ           0%         N/A       100%        6
 Malign Gateway           Summ/Tloc      0%         N/A       100%        7
 Discord                  Hex            0%         N/A       100%        8
 Disjunction              Tloc           0%         N/A       100%        8
 Summon Horrible Things   Summ           0%         N/A       100%        8


Dungeon Overview and Level Annotations

Branches:
Dungeon (12/15)            Temple (1/1) D:4            Lair (5/5) D:11
  Swamp (0/4) Lair:2       Spider (0/4) Lair:3        Slime (0/5) Lair:4
    Orc (2/2) D:11        Ossuary (visited)
    Elf: Orc:2

Altars:
Ashenzari
Cheibriados
Dithmenos
Elyvilon
Fedhas
Gozag
Hepliaklqana
Kikubaaqudgha
Makhleb
Nemelex Xobeh
Okawaru
Qazlal
Ru
Sif Muna
Trog
Uskayaw
Vehumet
Wu Jian
Xom
Yredelemnul
Zin
The Shining One
Jiyva
Lugonu

Shops:
D:2 :   Orc:2 (

Annotations:
D:9 Jeremiah
D:10 2 runed translucent doors, NitroKuite's ghost, novice DEEE
Lair:4 4 runed translucent doors, Bananafolds's ghost, journeyman MfSk; Fifowuza's ghost, journeyman DrSh; Rupert; t4s4d4r's ghost, journeyman DEEE


Innate Abilities, Weirdness & Mutations

You are a hulking beast.
Your limbs bulge with bestial killing power. (Slay +4)
You are too large for most types of armour.
You have claws for hands.
Your natural rate of healing is unusually fast.
You are covered in fur. (AC +1)
You have tough skin. (AC +1)


Message History

The two-headed ogre hits you with a +0 great mace!!
You climb upwards.
Welcome back to the Dungeon!
There is a staircase to the Orcish Mines here.
You mangle the two-headed ogre!! You claw the two-headed ogre!
The two-headed ogre is heavily wounded.
The deep troll misses you. The deep troll claws you! x2
You claw the two-headed ogre!
The two-headed ogre is severely wounded.
You claw the two-headed ogre!
The two-headed ogre is almost dead.
The deep troll completely misses you. x2; The deep troll claws you.
The two-headed ogre hits you with a +0 giant spiked club!
The two-headed ogre hits you with a +0 great mace!
You scratch the two-headed ogre.
You kill the two-headed ogre!
Lugonu accepts your kill. The deep troll completely misses you.
The deep troll claws you! x2
You claw the deep troll!
The deep troll is lightly wounded.
The deep troll closely misses you. The deep troll claws you.
* * * LOW HITPOINT WARNING * * *
The deep troll completely misses you.
You scratch the deep troll.
The deep troll is lightly wounded.
The deep troll misses you. The deep troll claws you.
* * * LOW HITPOINT WARNING * * *
The deep troll claws you.
* * * LOW HITPOINT WARNING * * *
You feel very mighty all of a sudden. The deep troll bites you!
* * * LOW HITPOINT WARNING * * *
The deep troll claws you!
* * * LOW HITPOINT WARNING * * *
The deep troll claws you but does no damage.
You claw the deep troll!
The deep troll is heavily wounded.
You mangle the deep troll!!
The deep troll is severely wounded.
The deep troll bites you!!
You die...

# # ###### ## #########
##.#..# #. #......)####
#.#...## #.
#..........###......# #.
###.....######.#....#.# ###
#.......#[)[#8#.......###..
###......†#)h.).......>......
#.........#.T)#8#............
#.........######.#...........
##...........# ###[..........
#............# ######.[.......
#............###..##..........
#..................####.<.)...
###.................##........
##..................##.......


You could see a deep troll.

Vanquished Creatures
  A quicksilver ooze (Lair:5)
  An eleionoma (Lair:2)
  Erolcha (D:9)
  A catoblepas (Lair:5)
  A centaur warrior (D:9)
  2 death yaks (Lair:5)
  A boulder beetle (Lair:5)
  4 two-headed ogres
  A vampire mage (D:11)
  A skyshark (Lair:4)
  3 lindwurms (Lair:5)
  An orc sorcerer (D:11)
  An oklob plant (D:11)
  An ugly thing (D:12)
  3 manticores
  2 cyclopes
  13 elephants
  3 black mambas
  A gargoyle (D:11)
  A kobold demonologist (D:10)
  3 torpor snails
  11 cane toads
  5 rime drakes
  An unseen horror (D:11)
  5 komodo dragons
  A tengu conjurer (D:8)
  Psyche (D:10)
  2 polar bears
  2 trolls
  5 blink frogs
  6 dream sheep
  4 slime creatures (Lair:5)
  A shadow (D:9)
  Sigmund (D:2)
  7 vampires (D:11)
  5 wyverns
  A wraith (D:9)
  44 yaks
  Grum (D:10)
  4 basilisks
  2 steam dragons
  A human (Lair:4)
  2 redbacks (Lair:3)
  3 vampire mosquitoes (D:11)
  Menkaure (D:6)
  13 water moccasins
  4 orc warriors
  4 ice beasts
  4 black bears
  An ice beast (shapeshifter) (D:8)
  2 sky beasts (D:6)
  22 wolves
  10 ogres
  3 centaurs
  7 elf zombies (Ossuary)
  2 phantoms
  4 kobold brigands
  11 bullfrogs
  6 scorpions
  A gnoll sergeant (D:10)
  14 wights
  7 killer bees
  7 howler monkeys
  A bombardier beetle (D:6)
  2 centaur zombies (Ossuary)
  6 orc priests
  3 hounds
  6 jellies
  A human zombie (Ossuary)
  12 orc wizards
  A spectral scorpion (Ossuary)
  A gnoll bouda (D:10)
  5 iguanas
  2 sleepcaps (D:8)
  Terence (D:2)
  6 hell rats (Lair:2)
  4 mummies
  Robin (D:2)
  7 gnolls
  10 adders
  2 shadow imps
  5 white imps
  A dart slug (D:2)
  2 ribbon worms
  33 orcs
  3 endoplasms
  5 giant cockroaches
  12 goblins
  2 hobgoblins
  7 jackals
  5 quokkas
  5 ball pythons
  7 bats
  3 frilled lizards
  9 kobolds
  5 rats
459 creatures vanquished.

Notes
Turn   | Place    | Note
-------+----------+-------------------------------------------
     0 | D:1      | Arcadio the Troll Shapeshifter began the quest for the Orb.
     0 | D:1      | Reached XP level 1. HP: 18/18 MP: 0/0
    57 | D:1      | Reached skill level 1 in Fighting
    76 | D:1      | Reached XP level 2. HP: 27/27 MP: 1/1
   935 | D:2      | Reached XP level 3. HP: 33/33 MP: 2/2
  1086 | D:2      | Noticed Sigmund
  1096 | D:2      | Killed Sigmund
  1097 | D:2      | Reached skill level 4 in Unarmed Combat
  1097 | D:2      | Reached XP level 4. HP: 28/44 MP: 3/3
  1097 | D:2      | Reached XP level 5. HP: 31/50 MP: 4/4
  1241 | D:2      | Found a faded altar of an unknown god.
  1247 | D:2      | Noticed Robin
  1267 | D:2      | Killed Robin
  1282 | D:2      | Prayed at the altar of an unknown god.
  1282 | D:2      | Became a worshipper of Lugonu the Unformed
  1282 | D:2      | Reached * piety under Lugonu
  1483 | D:2      | Found Lavoigai's Book Emporium.
  1529 | D:2      | Noticed Terence
  1536 | D:2      | Killed Terence
  2351 | D:3      | Reached XP level 6. HP: 59/59 MP: 5/5
  2521 | D:4      | Found a staircase to the Ecumenical Temple.
  2537 | Temple   | Entered the Ecumenical Temple
  2553 | D:4      | Noticed an ice beast
  2561 | D:4      | Killed an ice beast
  2611 | D:4      | Found a sparkling altar of Nemelex Xobeh.
  2632 | D:4      | Reached ** piety under Lugonu
  2767 | D:4      | Reached skill level 5 in Unarmed Combat
  3076 | D:4      | Found a blossoming altar of Fedhas.
  3239 | D:5      | Entered Level 5 of the Dungeon
  3257 | D:4      | Reached XP level 7. HP: 45/67 MP: 6/6
  3331 | D:5      | Found an ornate altar of the Wu Jian Council.
  3482 | D:5      | Found an opulent altar of Gozag.
  3484 | D:5      | Found an ancient bone altar of Kikubaaqudgha.
  3852 | D:5      | Found a glowing golden altar of the Shining One.
  3853 | D:5      | Found a glowing silver altar of Zin.
  3853 | D:5      | Found a white marble altar of Elyvilon.
  3869 | D:5      | Reached skill level 6 in Unarmed Combat
  4239 | D:6      | Found a stormy altar of Qazlal.
  4255 | D:6      | Noticed Menkaure
  4263 | D:6      | Killed Menkaure
  4264 | D:6      | Reached XP level 8. HP: 69/79 MP: 7/7
  4276 | D:6      | Found a sand-covered staircase.
  4287 | Ossuary  | Entered an ossuary
  4318 | Ossuary  | Reached skill level 5 in Dodging
  4352 | Ossuary  | Reached skill level 5 in Fighting
  4439 | Ossuary  | Reached skill level 7 in Unarmed Combat
  4584 | D:5      | Reached *** piety under Lugonu
  4714 | D:6      | Reached XP level 9. HP: 50/89 MP: 8/8
  5238 | D:7      | Identified the +3 short sword "Umygugex" {heavy, rF- Int+5}
  5242 | D:7      | Reached skill level 8 in Unarmed Combat
  5272 | D:7      | Noticed a troll
  5277 | D:7      | Killed a troll
  5310 | D:7      | Noticed a two-headed ogre
  5371 | D:6      | Killed a two-headed ogre
  5550 | D:7      | Found a snail-covered altar of Cheibriados.
  5602 | D:7      | Reached XP level 10. HP: 82/102 MP: 9/9
  5631 | D:7      | Reached skill level 9 in Unarmed Combat
  6022 | D:8      | Identified the +8 flail of Cruel Justice {speed, Str+5}
  6143 | D:8      | Reached **** piety under Lugonu
  6240 | D:8      | Noticed a cane toad
  6244 | D:8      | a cane toad changed into an ice beast
  6538 | D:8      | Found a shadowy altar of Dithmenos.
  6849 | D:9      | Reached skill level 10 in Unarmed Combat
  6926 | D:9      | Noticed a centaur warrior
  6938 | D:9      | Killed a centaur warrior
  6999 | D:9      | Noticed Erolcha
  7018 | D:9      | Killed Erolcha
  7019 | D:9      | Reached XP level 11. HP: 113/113 MP: 10/10
  7144 | D:9      | Noticed Jeremiah
  7286 | D:10     | Entered Level 10 of the Dungeon
  7305 | D:10     | Found a hide-covered altar of Uskayaw.
  7361 | D:10     | Noticed Grum
  7543 | D:10     | Killed Grum
  7583 | D:10     | Noticed Psyche
  7591 | D:10     | Killed Psyche
  7853 | D:10     | Found a broken altar of Ashenzari.
  7893 | D:10     | Found a large runed translucent door.
  7893 | D:10     | Found a large runed translucent door.
  7921 | D:10     | Reached ***** piety under Lugonu
  8008 | D:10     | Noticed NitroKuite's ghost (novice DEEE)
  8215 | D:11     | Reached skill level 11 in Unarmed Combat
  8226 | D:11     | Found a shadowy altar of Dithmenos.
  8226 | D:11     | Noticed a vampire mage
  8232 | D:11     | Killed a vampire mage
  8265 | D:11     | Identified the +3 great mace "Han Ynug" {speed, rPois rC+}
  8569 | D:11     | Noticed a two-headed ogre
  8577 | D:11     | Killed a two-headed ogre
  8653 | D:11     | Found a staircase to the Orcish Mines.
  8672 | D:11     | Found a staircase to the Lair.
  8675 | D:11     | Noticed an oklob plant
  8683 | D:11     | Killed an oklob plant
  8722 | D:11     | Identified the +0 scale mail of Inference {Harm rCorr
                  | Slay-3}
  8876 | D:11     | Noticed a two-headed ogre
  8884 | D:11     | Killed a two-headed ogre
  9031 | D:11     | Reached XP level 12. HP: 124/126 MP: 11/11
  9188 | Orc:1    | Entered Level 1 of the Orcish Mines
  9191 | Orc:1    | Paralysed by an orc sorcerer for 3 turns
  9319 | Orc:2    | Entered Level 2 of the Orcish Mines
  9319 | Orc:2    | Noticed a two-headed ogre
  9319 | Orc:2    | Noticed an ogre mage
  9319 | Orc:2    | Found Mewo's Antique Weapon Shop.
  9328 | Orc:2    | Noticed a two-headed ogre
  9328 | Orc:2    | Noticed a two-headed ogre
  9329 | Orc:2    | Noticed a two-headed ogre
  9421 | Orc:2    | Noticed a two-headed ogre
  9421 | Orc:2    | Noticed a two-headed ogre
  9421 | Orc:2    | Noticed a two-headed ogre
  9421 | Orc:2    | Noticed a two-headed ogre
  9526 | D:11     | Reached skill level 12 in Unarmed Combat
  9567 | D:12     | Reached skill level 10 in Fighting
  9567 | D:12     | Reached skill level 10 in Dodging
  9611 | Lair:1   | Entered Level 1 of the Lair of Beasts
  9615 | Lair:1   | You fall into a shaft and drop 1 floor!
  9778 | Lair:1   | Reached skill level 1 in Invocations
 10477 | Lair:2   | Noticed an eleionoma
 10482 | Lair:2   | Killed an eleionoma
 10495 | Lair:2   | Found a staircase to the Swamp.
 11900 | Lair:3   | Reached skill level 1 in Armour
 12011 | Lair:3   | Reached XP level 13. HP: 103/135 MP: 14/14
 12018 | Lair:3   | Reached skill level 5 in Shapeshifting
 12069 | Lair:3   | Found a hole to the Spider Nest.
 12541 | Lair:4   | Reached ****** piety under Lugonu
 12690 | Lair:4   | Reached skill level 13 in Unarmed Combat
 12727 | Lair:4   | Found a viscous altar of Jiyva.
 12728 | Lair:4   | Found a staircase to the Slime Pits.
 12749 | Lair:4   | Found a runed translucent gate.
 12750 | Lair:4   | Found a runed translucent gate.
 12757 | Lair:4   | Found a runed translucent gate.
 12757 | Lair:4   | Noticed Fifowuza's ghost (journeyman DrSh)
 12757 | Lair:4   | Noticed Bananafolds's ghost (journeyman MfSk)
 12758 | Lair:4   | Noticed t4s4d4r's ghost (journeyman DEEE)
 12758 | Lair:4   | Noticed Bananafolds's ghost (journeyman MfSk)
 13121 | Lair:4   | Found a runed translucent door.
 13128 | Lair:4   | Noticed Rupert
 13131 | Lair:4   | Reached skill level 5 in Invocations
 13448 | Lair:5   | Entered Level 5 of the Lair of Beasts
 13495 | Lair:4   | Reached skill level 5 in Armour
 13890 | Lair:5   | Noticed a quicksilver ooze
 13897 | Lair:5   | Killed a quicksilver ooze
 14537 | Lair:5   | Reached XP level 14. HP: 146/146 MP: 17/17
 15617 | D:11     | HP: 5/146 [deep troll (14)]
 15619 | D:11     | Mangled by a deep troll

Illustrated notes

Levels and vault maps discovered:
D:1:      eino_arrival_water_star, layout_basic
D:2:      layout_basic, ebering_ecumenical_altar_webs, serial_shops, shop,
          uniq_terence, uniq_robin, uniq_sigmund
D:3:      minmay_chambers_of_threes, layout_loops_ring
D:4:      layout_basic, nemelex_altar_shiori, mainiacjoe_overflow_boulevard,
          minmay_temple_entry_junction_2
D:5:      layout_basic, dreamdust_divine_triumvirate,
          mainiacjoe_overflow_six_doors_small, grunt_temple_overflow_open
D:6:      layout_cave_pools, mainiacjoe_overflow_tiny_flanked,
          gup_ossuary_entry_pyramid, uniq_menkaure
D:7:      layout_loops_ring, slow_altar_1, minmay_joined_circles
D:8:      layout_rooms, nicolae_dithmenos_the_darkroom, minmay_manual_macuahuitl
D:9:      layout_small_grid, lightli_corner_chamber, uniq_erolcha, uniq_jeremiah
D:10:     layout_cave_pools, mainiacjoe_overflow_brackets,
          mainiacjoe_overflow_catwalk, ebering_ghost_disaster_area, uniq_psyche,
          uniq_grum
D:11:     layout_cross, dpeg_oklobed_lair, hiddenorc1_lemuel,
          nicolae_nh_vlads_tower
D:12:     layout_roguey, serial_shops, shop, minmay_misc_feat_hallway
Temple:   dpeg_three_leaves_temple
Lair:1:   layout_regular_city, serial_bayou_shore_b
Lair:2:   layout_chaotic_city, alex1729_swamp_entry_worm_eleionoma
Lair:3:   layout_roguey, spider_nest_entry_webs
Lair:4:   layout_loops_ring, dpeg_slime_entry_enclosed,
          gammafunk_ghost_cemetery, pdpol_lair_cabin_in_the_woods
Lair:5:   hangedman_lair_in_review, layout_cave_pods,
          nicolae_lair_time_for_slime
Orc:1:    layout_caves
Orc:2:    st_orc_open, layout_caves, guppyfry_library_mini

Skill      XL: |  1  2  3  4  5  6  7  8  9 10 11 12 13 14 |
---------------+-------------------------------------------+-----
Fighting       | 1 2 3 4 5 7 8 9 10 11 | 11.6
Dodging        | 2 3 4 5 7 8 9 10 | 10.5
Unarmed Combat | 4 5 6 7 8 10 11 12 13 | 13.8
Invocations    | 3 5 6 |  6.3
Shapeshifting  | 4 6 7 |  7.1
Armour         | 1 6 |  6.8

Action                     |  1- 3 |  4- 6 |  7- 9 | 10-12 | 13-15 || total
---------------------------+-------+-------+-------+-------+-------++-------
  Melee: Unarmed           |    55 |   102 |   255 |   535 |   341 ||  1288
         Punch             |       |     2 |    13 |    41 |    31 ||    87
 Invoke: Banish            |       |       |       |       |     3 ||     3
  Evoke: Wand              |       |       |       |     7 |     4 ||    11
    Use: Scroll            |       |       |    13 |     9 |     3 ||    25
         Potion            |       |       |       |     2 |     6 ||     8
   Stab: Sleeping          |       |     1 |       |       |       ||     1
         Paralysed         |       |       |       |     6 |       ||     6
 Armour: Animal skin       |    35 |    69 |   163 |   130 |       ||   397
         Robe              |       |       |       |   118 |       ||   118
         Troll leather arm |       |       |       |   166 |   219 ||   385
  Dodge: Dodged            |    35 |    39 |    94 |   330 |   215 ||   713
